 Dungeon Crawl Stone Soup version 0.29-a0-90-gc37658a0fe (webtiles) character file.

Game seed: 12430529905918737744

328 cyrus the Scratcher (level 6, -10/28 HPs)
             Began as a Felid Fighter on Feb 6, 2022.
             Was a Follower of Okawaru.
             Killed by divine providence
             ... invoked by an orc priest
              (12 damage)
             ... on level 5 of the Dungeon on Feb 7, 2022.
             The game lasted 00:13:06 (5422 turns).

cyrus the Scratcher (Felid Fighter)                 Turns: 5422, Time: 00:13:06

Health: -10/28     AC:  2    Str: 14    XL:     6   Next: 25%
Magic:  7/7        EV: 20    Int:  9    God:    Okawaru [*.....]
Gold:   202        SH:  0    Dex: 16    Spells: 5/5 levels left
                                        Lives:  0   Deaths: 1

rFire   . . .      SeeInvis +     - Unarmed
rCold   . . .      Faith    .   (shield unavailable)
rNeg    . . .      Spirit   .   (armour unavailable)
rPois   .          Reflect  .   (helmet unavailable)
rElec   .          Harm     .   (cloak unavailable)
rCorr   .          Rampage  .   (gloves unavailable)
Will    .....                   (boots unavailable)
Stlth   +++.......              (no amulet)
HPRegen 0.09/turn               (no ring)
MPRegen 0.10/turn               (no ring)

@: quick
A: very small, claws 1, fangs 3, see invisible, speed 1, shaggy fur 2, stealthy
paws, no weapons or thrown items, no armour, multi-lived
a: Renounce Religion, Heroism


You were on level 5 of the Dungeon.
You worshipped Okawaru.
Okawaru was aware of your devotion.
You visited 1 branch of the dungeon, and saw 5 of its levels.

You collected 202 gold pieces.

Inventory:

Hand Weapons
 a - a +1 dagger of flaming
Jewellery
 b - a ring of willpower
Scrolls
 c - 2 scrolls of enchant weapon
 f - 2 scrolls of immolation {unknown}
 j - 2 scrolls of noise {unknown}
 k - 2 scrolls of teleportation {unknown}
 m - 4 scrolls of enchant armour
Potions
 d - 2 potions of degeneration


   Skills:
 + Level 3.8 Fighting
 + Level 5.7 Dodging
 + Level 4.3 Stealth
 + Level 6.6 Unarmed Combat


You had 5 spell levels left.
You didn't know any spells.
Your spell library was empty.

Dungeon Overview and Level Annotations

Branches:
Dungeon (5/15)
 Temple: D:4-7

Altars:
Ashenzari
Dithmenos
Hepliaklqana
Okawaru
Ru
Trog
Zin


Innate Abilities, Weirdness & Mutations

You have sharp claws.
You have razor-sharp teeth.
You have supernaturally acute eyesight. (SInv)
You cover ground quickly. (Speed+)
You are covered in thick fur. (AC +2)
Your paws help you pounce on unaware monsters.
You are incapable of wielding weapons or throwing items.
You cannot wear armour.
You gain extra lives every three experience levels.


Message History

The orc wizard is lightly wounded.
The orc priest mumbles some strange prayers to Beogh against you.
Beogh smites you!
A centaur skeleton comes into view.
You barely miss the orc wizard. You claw the orc wizard!
The orc wizard is severely wounded.
The orc priest closely misses you.
You catch the helpless orc wizard completely off-guard!
You mangle the orc wizard!!
You kill the orc wizard!
Okawaru accepts your kill. The orc priest closely misses you.
You barely miss the orc priest.
The orc priest is severely wounded.
The orc priest misses you.
You scratch the orc priest but do no damage.
The orc priest is severely wounded.
You flicker back into view.
The orc priest looks satisfied for a moment.
The orc priest casts a cantrip, but nothing happens.
You scratch the orc priest.
You kill the orc priest!
Okawaru accepts your kill.
The orc priest calls down the wrath of Beogh upon you.
Beogh smites you!
* * * LOW HITPOINT WARNING * * *
Things that are here:
a +0 whip; a +0 leather armour; an orc corpse
As you read the scroll labelled QEPUOH FIAFOEN, it crumbles to dust.
You feel a surge of unholy energy.
The orc priest convulses!
It was a scroll of torment.
The orc priest calls down the wrath of Beogh upon you.
You resist with significant effort.
Things that are here:
a +0 whip; a +0 leather armour; an orc corpse You barely miss the orc priest.
The orc priest is heavily wounded.
The orc priest calls down the wrath of Beogh upon you.
Beogh smites you!
You die...

.......#.,,*####.#.#**,********,*
.........,,,,..#.#.# *,.,,,,,**,*
.#.......,**##.#.#.###..,,,,,,*,*
....##.######..........#****,,*,*
.....#.#...............# *,,*,,
.#...#.....##.§§§§.....# *,,,,*
.........#.##.§§§§.....#** *,,,,*
.#.......#.#####§#......,* *,,,,*
##.......#.#####@###.#..,* *,,,,*
##.......#.##..§o)......,* *,,,,*
##.......#.##...§.....##,* *,,,,,
##.........##...........,* *,*,**
*##.####...##.........##** *,*,*
* #.#***......##'###### *,*,* *
*,*,,,,,....*#.# *,*,** *
*,,,,,,#####*#.# *,,,,, *
***,,,,*######.##### ******


You could see an orc priest.

Vanquished Creatures
  2 necrophages
  A centaur (D:5)
  Blork the orc (D:4)
  An orc priest (D:5)
  An orc wizard (D:5)
  A hound zombie (D:5)
  2 adders (D:4)
  2 river rats (D:5)
  An ufetubus (D:5)
  An adder skeleton (D:4)
  A worm (D:3)
  A dart slug (D:2)
  3 orcs
  5 bats
  6 endoplasms
  4 giant cockroaches
  6 goblins
  9 hobgoblins
  4 jackals (D:3)
  5 quokkas
  5 ball pythons
  2 frilled lizards (D:1)
  7 kobolds
  8 rats
79 creatures vanquished.

Notes
Turn   | Place    | Note
-------+----------+-------------------------------------------
     0 | D:1      | cyrus the Felid Fighter began the quest for the Orb.
     0 | D:1      | Reached XP level 1. HP: 10/10 MP: 2/2
   451 | D:1      | Reached XP level 2. HP: 14/14 MP: 3/3
  1091 | D:1      | Reached XP level 3. HP: 16/17 MP: 4/4
  1309 | D:2      | Found an iron altar of Okawaru.
  1315 | D:2      | Became a worshipper of Warmaster Okawaru
  2893 | D:3      | Found a faded altar of an unknown god.
  3297 | D:4      | Noticed Blork the orc
  3311 | D:4      | Killed Blork the orc
  3312 | D:4      | Reached skill level 5 in Unarmed Combat
  3312 | D:4      | Reached XP level 4. HP: 14/21 MP: 5/5
  3327 | D:4      | Reached XP level 5. HP: 17/24 MP: 6/6
  3876 | D:4      | Found a glowing silver altar of Zin.
  3888 | D:4      | Found a shadowy altar of Dithmenos.
  3908 | D:4      | Found a sacrificial altar of Ru.
  3908 | D:4      | Found a hazy altar of Hepliaklqana.
  3908 | D:4      | Found a broken altar of Ashenzari.
  4332 | D:4      | Noticed a necrophage
  4352 | D:4      | Killed a necrophage
  4353 | D:4      | Reached skill level 5 in Dodging
  4791 | D:4      | Found a bloodstained altar of Trog.
  4910 | D:5      | Entered Level 5 of the Dungeon
  4925 | D:5      | Noticed a centaur
  4979 | D:5      | Killed a centaur
  4980 | D:5      | Reached skill level 6 in Unarmed Combat
  4980 | D:5      | Gained mutation: You are covered in thick fur. (AC +2)
                  | [Felid growth]
  4980 | D:5      | Reached XP level 6. HP: 12/28 MP: 7/7
  5314 | D:5      | Mangled by an ogre
  5315 | D:5      | Reached XP level 5. HP: -6/25 MP: 6/6
  5389 | D:5      | Noticed a necrophage
  5402 | D:5      | Killed a necrophage
  5402 | D:5      | Reached * piety under Okawaru
  5403 | D:5      | Reached XP level 6. HP: 25/28 MP: 7/7
  5417 | D:5      | HP: 1/28 [orc priest/divine providence (13)]
  5422 | D:5      | Killed from afar by an orc priest

Illustrated notes

Levels and vault maps discovered:
D:1:      dpeg_arrival_stone_temple_mockup, layout_loops_ring
D:2:      layout_loops_cross, basic_altar, kennysheep_doodads
D:3:      layout_loops_corners, shapermc_ecumenical_altar_petra
D:4:      layout_loops_ring, kennysheep_little_box, trog_book,
          grunt_temple_overflow_open, uniq_blork_the_orc
D:5:      lemuel_ratsnest, layout_basic, nicolae_elevator_lobby_plus

Skill      XL: |  1  2  3  4  5 |
---------------+----------------+-----
Stealth        | 2 4 |  4.3
Unarmed Combat | 5 6 |  6.6
Dodging        | 5 |  5.7
Fighting       | |  3.8

Action                   |  1- 3 |  4- 6 || total
-------------------------+-------+-------++-------
Melee: Unarmed           |   121 |   108 ||   229
       Punch             |     7 |     6 ||    13
       Bite              |     5 |    16 ||    21
  Use: Scroll            |     6 |     8 ||    14
       Potion            |     3 |     6 ||     9
 Stab: Sleeping          |     4 |     1 ||     5
       Invisible         |     1 |     3 ||     4
Armor: Skin              |     5 |     6 ||    11
Dodge: Dodged            |    92 |    92 ||   184

Table legend: (Time is in decaauts)
 A = Elapsed time spent in this place.
 B = Non-inter-level travel time spent in this place.
 C = Inter-level travel time spent in this place.
 D = Time resting spent in this place.
 E = Time spent auto-exploring this place.
 F = Levels seen in this place.
 G = Mean time per level.
                   A        B        C        D        E       F      G
               +--------+--------+--------+--------+--------+-----+--------+
         Total |   4831 |   4825 |      6 |    792 |   3104 |   5 |  966.2 |
       Dungeon |   4831 |   4825 |      6 |    792 |   3104 |   5 |  966.2 |
               +--------+--------+--------+--------+--------+-----+--------+

Top non-repeatable levels by time:
     D:4: 1485 daAuts
     D:1: 1118 daAuts
     D:2: 922 daAuts
     D:3: 839 daAuts
     D:5: 465 daAuts
